 Dungeon Crawl Stone Soup version 0.29-a0-23-ga79f92ac9c (webtiles) character file.

Game seed: 3341499781971927716

66 croobank the Magician (level 3, 0/24 HPs)
             Began as a Mummy Hedge Wizard on Jan 30, 2022.
             Slain by a worm (9 damage)
             ... on level 3 of the Dungeon.
             The game lasted 00:10:13 (2920 turns).

croobank the Magician (Mummy Hedge Wizard)          Turns: 2920, Time: 00:10:14

Health: 0/24       AC:  3    Str: 13    XL:     3   Next: 96%
Magic:  8/8        EV: 12    Int: 15    God:
Gold:   73         SH:  0    Dex: 11    Spells: 4/10 levels left

rFire   x . .      SeeInvis .   a - +2 dagger (vamp)
rCold   + . .      Faith    .   (no shield)
rNeg    + + +      Spirit   .   b - +0 robe
rPois   ∞          Reflect  .   c - +1 hat
rElec   .          Harm     .   (no cloak)
rCorr   .          Rampage  .   (no gloves)
Will    .....                   (no boots)
Stlth   ++........              (no amulet)
HPRegen 0.08/turn               (no ring)
MPRegen 0.11/turn               (no ring)

@: no status effects
A: cold resistance 1, negative energy resistance 3, torment resistance 2, heat
vulnerability 1, no potions
a: no special abilities


You were on level 3 of the Dungeon.
You visited 1 branch of the dungeon, and saw 3 of its levels.

You collected 73 gold pieces.

Inventory:

Hand Weapons
 a - a +2 vampiric dagger (weapon)
 f - a +0 dagger of venom
 i - a +0 dagger
Missiles
 d - 15 bolts
 k - 6 poisoned darts
 l - a throwing net
 m - 17 stones
Armour
 b - a +0 robe (worn)
 c - a +1 hat (worn)
 e - a +0 ring mail
 h - a +0 leather armour
Scrolls
 g - a scroll of immolation
 j - a scroll of identify


   Skills:
 + Level 2.0 Dodging
 + Level 2.0 Stealth
 + Level 4.4 Spellcasting
 + Level 1.5 Conjurations
 + Level 1.3 Summonings
 + Level 1.3 Translocations


You had 4 spell levels left.
You knew the following spells:

 Your Spells              Type           Power      Damage    Failure   Level
a - Magic Dart            Conj           28%        1d4       10%         1
b - Slow                  Hex            12%        N/A       17%         1
c - Blink                 Tloc           14%        N/A       16%         2
d - Call Imp              Summ           7%         N/A       16%         2

Your spell library contained the following spells:

 Spells                   Type           Power      Damage    Failure   Level
 Conjure Flame            Conj/Fire      5%         6-21      36%         3
 Mephitic Cloud           Conj/Pois/Air  4%         N/A       38%         3


Dungeon Overview and Level Annotations

Branches:
Dungeon (3/15)

Altars:
Trog

Shops:
D:2 [([*(

Annotations:
D:3 Ijyb


Innate Abilities, Weirdness & Mutations

You are immune to poison.
Your flesh is cold resistant. (rC+)
You are immune to negative energy. (rN+++)
You are immune to unholy pain and torment.
You are vulnerable to heat. (rF-)
You do not drink.


Message History

Really walk into that cloud of flame?
Okay, then.
Things that are here:
a +0 whip; 4 stones
Found 17 stones.
You see here 17 stones.
m - 17 stones You hit the worm.
You punch the worm.
The worm is moderately wounded.
The worm closely misses you.
You hit the worm but do no damage.
The worm is moderately wounded.
The worm bites you!
You hit the worm.
The worm is moderately wounded.
You barely miss the worm.
The worm is moderately wounded.
The worm bites you but does no damage.
You hit the worm.
The worm is moderately wounded.
You hit the worm.
The worm is moderately wounded.
The worm bites you.
You hit the worm but do no damage.
The worm is moderately wounded.
The worm bites you.
You hit the worm.
You feel better.
The worm is moderately wounded.
You hit the worm.
You feel better.
The worm is heavily wounded.
The worm misses you.
You hit the worm.
You feel better.
The worm is severely wounded.
You hit the worm.
You feel better.
The worm is severely wounded.
The worm bites you!
You hit the worm.
You feel better.
The worm is almost dead.
The worm bites you!
You die...

### . ..##########...#
.<..............
..####.#####.##. ..#
#........#.. #.#
#...<....#.. ..#
#........#.w####### ..#
#...........@.....#
..###.................#
...g...........#......#
...............#.>....#
..###........#.##..####
..# #..............#
.......#.#..##.####
##.#.........>...<#
.#..............#


You could see a worm.

Vanquished Creatures
  Terence (D:2)
  A dart slug (D:2)
  3 ball pythons
  4 bats (D:1)
  5 endoplasms
  A giant cockroach (D:2)
  2 goblins
  4 hobgoblins (D:1)
  3 quokkas
  4 frilled lizards
  4 kobolds
  5 rats
37 creatures vanquished.

Notes
Turn   | Place    | Note
-------+----------+-------------------------------------------
     0 | D:1      | croobank the Mummy Hedge Wizard began the quest for the
                  | Orb.
     0 | D:1      | Reached XP level 1. HP: 13/13 MP: 5/5
     2 | D:1      | Learned a level 1 spell: Slow
   220 | D:1      | Reached skill level 1 in Conjurations
   220 | D:1      | Reached skill level 1 in Summonings
   271 | D:1      | Reached XP level 2. HP: 7/19 MP: 5/7
   274 | D:1      | Reached skill level 1 in Translocations
   907 | D:1      | Learned a level 2 spell: Blink
   910 | D:1      | Learned a level 2 spell: Call Imp
  1420 | D:2      | Found Upso's Weapon Boutique.
  1452 | D:2      | Found a faded altar of an unknown god.
  1460 | D:2      | Noticed Terence
  1549 | D:3      | Reached XP level 3. HP: 24/24 MP: 3/8
  1593 | D:3      | Noticed Ijyb
  1599 | D:2      | Found Keskecsu's Assorted Antiques.
  1968 | D:2      | Found Enwops's Antique Armour Emporium.
  2187 | D:2      | Found Gucvujy's Antique Armour Shop.
  2187 | D:2      | Found Jeirig's Weapon Shoppe.
  2276 | D:2      | Killed Terence
  2865 | D:3      | Found a bloodstained altar of Trog.
  2920 | D:3      | Slain by a worm

Illustrated notes

Levels and vault maps discovered:
D:1:      wheals_arrival_shading, layout_loops_ring
D:2:      layout_basic, basic_ecumenical_altar, serial_shops,
          nicolae_shop_advertising_works [nicolae_subvault_shop_adworks],
          nicolae_shop_bloodbath_and_beyond, shop, shop_statue, shop,
          uniq_terence
D:3:      layout_rooms, old_standard_altar, trog_book, nrook_loot_triangle,
          minmay_pentangle, uniq_ijyb

Skill      XL: |  1  2  3 |
---------------+----------+-----
Conjurations   | 1 |  1.5
Summonings     | 1 |  1.3
Translocations | 1 |  1.3
Dodging        | 2 |  2.0
Stealth        | 2 |  2.0
Spellcasting   | |  4.4

Action                   || total
-------------------------++-------
Melee: Dagger            ||   120
       Punch             ||     3
 Cast: Magic Dart        ||    47
       Slow              ||     6
       Call Imp          ||     3
       Blink             ||     2
  Use: Scroll            ||     4
 Stab: Sleeping          ||     3
       Distracted        ||     1
Armor: Robe              ||    25
Dodge: Dodged            ||    74

Table legend: (Time is in decaauts)
 A = Elapsed time spent in this place.
 B = Non-inter-level travel time spent in this place.
 C = Inter-level travel time spent in this place.
 D = Time resting spent in this place.
 E = Time spent auto-exploring this place.
 F = Levels seen in this place.
 G = Mean time per level.
                   A        B        C        D        E       F      G
               +--------+--------+--------+--------+--------+-----+--------+
         Total |   2921 |   2850 |     71 |    966 |   1382 |   3 |  973.7 |
       Dungeon |   2921 |   2850 |     71 |    966 |   1382 |   3 |  973.7 |
               +--------+--------+--------+--------+--------+-----+--------+

Top non-repeatable levels by time:
     D:1: 1598 daAuts
     D:2: 1104 daAuts
     D:3: 218 daAuts
